 Dungeon Sprint DCSS version 0.19-a0-994-g3c636f0 (webtiles) character file.

317194 zero the Conqueror (level 19, -4/207 HPs)
             Began as a Hill Orc Berserker on July 15, 2016.
             Was the Champion of Trog.
             Killed from afar by an orb of fire (47 damage)
             ... with a fireball
             ... in the Dungeon (Sprint IX: "|||||||||||||||||||||||||||||").
             The game lasted 00:49:05 (13458 turns).

zero the Conqueror (Hill Orc Berserker)            Turns: 13458, Time: 00:49:06

Health: -4/207     AC: 13    Str: 33    XL:     19   Next: 92%
Magic:  20/20      EV: 31    Int:  1    God:    Trog [******]
Gold:   23         SH: 30    Dex: 14    Spells: 0 memorised, 18 levels left

rFire  + . .     SeeInvis .     c - +9 demon trident "Gylim" {venom, rPois rN+ Str+4 Int-2}
rCold  + + .     Gourm    .     (no armour)
rNeg   + . .     Faith    .     W - +2 large shield {reflect}
rPois  +         Spirit   .     v - +1 helmet
rElec  .         Dismiss  .     S - +1 cloak
rCorr  .         Reflect  +     n - +2 pair of gloves
SustAt +         Harm     .     q - +1 pair of boots
MR     +++..     Clarity  +     M - amulet of regeneration
Stlth  +++++..... NoTele   +    y - ring "Mibyafa" {+Fly rF+ rC+ Int-5 Dex+3}
                                B - ring "Rawuotz Koeh" {SustAt rC+ MP-9 Str+3}

@: regenerating, extremely resistant to hostile enchantments, quite stealthy
A: clarity
a: Berserk, Trog's Hand, Brothers in Arms, Burn Spellbooks, Renounce Religion,
Evoke Flight
}: 5/15 runes: decaying, serpentine, barnacled, silver, gossamer


You were in the Dungeon.
You worshipped Trog.
Trog was exalted by your worship.
You were not hungry.

You visited 1 branch You collected 1939 gold pieces.
You spent 1916 gold pieces at shops.

Inventory:

Hand Weapons
 b - a +7 antimagic bardiche
 c - the +9 demon trident "Gylim" (weapon) {venom, rPois rN+ Str+4 Int-2}
   (Trog gifted it to you in the Dungeon)

   It poisons the flesh of those it strikes.
   It affects your strength (+4).
   It affects your intelligence (-2).
   It protects you from poison.
   It protects you from negative energy.
 w - the +1 glaive "Ecowiw" {flame, rC++ Int+3}
   (Trog gifted it to you in the Dungeon)

   It has been specially enchanted to burn those struck by it, causing extra
   injury to most foes and up to half again as much damage against particularly
   susceptible opponents.
   Big, fiery blades are also staple armaments of hydra-hunters.
   It affects your intelligence (+3).
   It greatly protects you from cold.
 D - a +9 glaive of venom
 E - a +5 demon trident of venom
 H - the +7 demon trident of Defence by Offence {flame, *Noise rElec Int+2}
   (Trog gifted it to you in the Dungeon)

   It has been specially enchanted to burn those struck by it, causing extra
   injury to most foes and up to half again as much damage against particularly
   susceptible opponents.
   It affects your intelligence (+2).
   It insulates you from electricity.
   It may make noises in combat.
 K - a +7 glaive of freezing
 U - the +5 bardiche "Xoogoc" {venom, Str+4 Int+4 Dex-3}
   (You found it in the Dungeon)

   It poisons the flesh of those it strikes.
   It affects your strength (+4).
   It affects your intelligence (+4).
   It affects your dexterity (-3).
Missiles
 I - a throwing net (quivered)
Armour
 n - a +2 pair of gloves (worn)
 q - a +1 pair of boots (worn)
 v - a +1 helmet (worn)
 F - a +0 storm dragon armour
 O - a +3 ice dragon armour
 Q - a +3 fire dragon armour
 S - a +1 cloak (worn)
 W - a +2 large shield of reflection (worn)
Jewellery
 o - an uncursed ring of protection from fire
 p - an uncursed ring of protection from magic
 x - an uncursed ring of protection from cold
 y - the ring "Mibyafa" (right hand) {+Fly rF+ rC+ Int-5 Dex+3}
   (You found it in the Dungeon)

   [ring of dexterity]

   It affects your intelligence (-5).
   It affects your dexterity (+3).
   It protects you from fire.
   It protects you from cold.
   It lets you fly.
 z - an uncursed ring of poison resistance
 A - an uncursed ring of resist corrosion
 B - the ring "Rawuotz Koeh" (left hand) {SustAt rC+ MP-9 Str+3}
   (You bought it in a shop in the Dungeon)

   [ring of sustain attributes]

   It sustains your strength, intelligence and dexterity.
   It affects your strength (+3).
   It protects you from cold.
   It affects your magic capacity (-9).
 J - a +6 ring of strength
 M - an amulet of regeneration (around neck)
 P - the ring of the Ancients {rElec Int+2 Dex+3}
   (You found it in the Dungeon)

   [ring of dexterity]

   It affects your intelligence (+2).
   It affects your dexterity (+3).
   It insulates you from electricity.
 V - the amulet "Suzog" {-Tele +Rage rN++ MR+ MP+9}
   (You took it off a tengu reaver in the Dungeon)

   [amulet of rage]

   It greatly protects you from negative energy.
   It affects your resistance to hostile enchantments.
   It affects your magic capacity (+9).
   It lets you go berserk.
   It prevents most forms of teleportation.
 Z - the ring "Ceughymn" {rElec Int+3 SInv Stlth-}
   (You found it in the Dungeon)

   [ring of see invisible]

   It affects your intelligence (+3).
   It insulates you from electricity.
   It lets you see invisible.
   It makes you less stealthy.
Wands
 l - a wand of iceblast (7/15)
 L - a wand of teleportation (4/9)
 N - a wand of acid (2/15)
 Y - a wand of hasting (5/9)
Scrolls
 i - 6 scrolls of blinking
 k - 7 scrolls of remove curse
 m - 5 scrolls of fog
 r - 4 scrolls of identify
 T - a scroll of fear
Potions
 a - 2 potions of brilliance
 d - 12 potions of curing
 e - 7 potions of heal wounds
 f - a potion of resistance
 g - 4 potions of magic
 h - 4 potions of berserk rage
 j - a potion of invisibility
 C - a potion of agility
 R - 2 potions of haste
 X - a potion of cure mutation
Comestibles
 s - 37 fruits
 t - 7 bread rations
 u - 6 meat rations
 G - 10 chunks of flesh


   Skills:
 O Level 27 Fighting
 O Level 27 Polearms
 + Level 12.4 Throwing
 O Level 27 Armour
 O Level 27 Dodging
 + Level 12.4 Stealth
 O Level 27 Shields
 + Level 14.4 Unarmed Combat
 + Level 13.4 Evocations


You had 18 spell levels left.
You didn't know any spells.

Dungeon Overview and Level Annotations

Branches:
Dungeon (1/1)

Altars:
Cheibriados
Dithmenos
Elyvilon
Fedhas
Gozag
Hepliaklqana
Kikubaaqudgha
Makhleb
Nemelex Xobeh
Okawaru
Pakellas
Qazlal
Ru
Sif Muna
Trog
Uskayaw
Vehumet
Xom
Yredelemnul
Zin
The Shining One
Beogh
Jiyva
Lugonu

Shops:
D *==%


Innate Abilities, Weirdness & Mutations

You possess an exceptional clarity of mind.


Message History

You start removing your armour.
You continue taking off your +0 storm dragon armour. x3
The orb of fire glows bright magenta.
The bolt of fire hits you! You resist.
* * * LOW HITPOINT WARNING * * *
You continue taking off your +0 storm dragon armour.
The orb of fire glows yellow.
The bolt of fire misses you.
You finish taking off your +0 storm dragon armour.
Wear which item? (? for menu, Esc to quit)
Keep equipping yourself?
You start putting on your armour.
You continue putting on your +3 fire dragon armour. x2
The orb of fire glows deep purple.
The fireball explodes!
The fireball engulfs you! You resist.
* * * LOW HITPOINT WARNING * * *
The fireball engulfs the orb of fire.
The orb of fire completely resists.
The orb of fire glows red.
The fireball explodes!
The fireball engulfs you! You resist.
You die...

▓.▓.▓.▓.▓)▓.▓.▓.♣†
▓.▓.▓.▓.▓.▓.▓.▓.♣.
▓.▓.▓.▓.▓)▓.▓.▓.♣)
▓.▓.▓)▓.▓)▓.▓)▓.♣÷
▓.▓.▓[▓.▓)▓.▓)▓.♣.
▓.▓.▓)▓.▓.▓.▓)▓.♣.
▓.▓.▓.▓.▓.▓(▓)▓.♣.
▓'▓.▓.▓.▓.▓[▓.▓.♣.
▓@▓.▓.▓.▓[▓.▓.▓.♣.
▓*▓.▓.▓.▓[▓.▓.▓.♣.
▓.▓.▓.▓.▓[▓.▓.▓.♣.
▓+▓.▓.▓.▓[▓.▓.▓.♣%
▓.▓[▓.▓[▓.▓.▓.♣)
▓.▓[▓.▓[▓.▓)▓.▓)
▓.▓.▓.▓[▓.▓'▓.▓)
▓.▓.▓.▓.▓.▓)▓.▓.
▓.▓.▓.▓.▓.▓)▓.▓.


You could see an orb of fire.

Vanquished Creatures
  An ancient lich (D)
  Mara (D)
  Mennas (D)
  Sojobo (D)
  Frederick (D)
  Boris (D)
  Xtahua (D)
  4 golden dragons (D)
  Nikola (D)
  A bone dragon (D)
  2 electric golems (D)
  4 tentacled monstrosities (D)
  A lich (D)
  14 Orb Guardians (D)
  A sphinx (D)
  4 death cobs (D)
  Frances (D)
  3 tengu reavers (D)
  A draconian monk (D)
  2 thorn hunters (D)
  2 storm dragons (D)
  3 fire giants (D)
  6 shadow dragons (D)
  Ilsuiw (D)
  3 greater nagas (D)
  A ghost moth (D)
  6 emperor scorpions (D)
  Louise (D)
  2 vault wardens (D)
  A draconian shifter (D)
  A draconian zealot (D)
  4 draconian annihilators (D)
  5 stone giants (D)
  A spriggan defender (D)
  4 very ugly things (D)
  A draconian caller (D)
  2 entropy weavers (D)
  5 black draconians (D)
  Azrael (D)
  A red draconian (D)
  A purple draconian (D)
  2 yellow draconians (D)
  A white draconian (D)
  A spark wasp (D)
  4 ettins (D)
  4 merfolk javelineers (D)
  6 fire dragons (D)
  Josephine (D)
  4 merfolk impalers (D)
  3 yaktaur captains (D)
  A rakshasa (D)
  3 great orbs of eyes (D)
  25 vault guards (D)
  11 ice dragons (D)
  3 naga warriors (D)
  4 hydras (D)
  A death knight (D)
  A ghost crab (D)
  Erica (D)
  5 centaur warriors (D)
  3 merfolk aquamancers (D)
  2 ogre magi (D)
  A deep troll shaman (D)
  3 tengu warriors (D)
  3 alligators (D)
  4 orc high priests (D)
  2 naga sharpshooters (D)
  A deep elf knight (D)
  A spriggan (D)
  A salamander mystic (D)
  A spriggan druid (D)
  A wizard (D)
  3 swamp dragons (D)
  2 flayed ghosts (D)
  2 ironbrand convokers (D)
  A hill giant (D)
  A necromancer (D)
  A giant orange brain (D)
  11 orc knights (D)
  2 mana vipers (D)
  A hornet (D)
  An orb spider (D)
  3 wolf spiders (D)
  2 orc sorcerers (D)
  2 cyclopes (D)
  A griffon (D)
  2 moths of wrath (D)
  2 ugly things (D)
  2 manticores (D)
  2 sirens (D)
  Joseph (D)
  3 vault sentinels (D)
  4 guardian serpents (D)
  A black mamba (D)
  2 naga magi (D)
  3 yaktaurs (D)
  3 komodo dragons (D)
  A rime drake (D)
  3 demonic crawlers (D)
  4 merfolk (D)
  A troll (D)
  2 jumping spiders (D)
  5 polar bears (D)
  A boulder beetle (shapeshifter) (D)
  A two-headed ogre (D)
  3 slime creatures (D)
  2 snapping turtles (D)
  2 redbacks (D)
  6 wraiths (D)
  A fire elemental (D)
  Eustachio (D)
  A vampire mosquito (D)
  A hippogriff (D)
  A hungry ghost (D)
  4 nagas (D)
  A mottled dragon (D)
  5 hell hounds (D)
  3 water moccasins (D)
  A giant eyeball (D)
  2 porcupines (D)
  An orc warrior (D)
  6 swamp drakes (D)
  A wasp (D)
  3 black bears (D)
  2 ogres (D)
  A centaur (D)
  2 crocodiles (D)
  2 giant frogs (D)
  A scorpion (D)
  2 crimson imps (D)
  2 orc priests (D)
  A hound (D)
  3 iguanas (D)
  A worker ant (D)
  5 orc wizards (D)
  A river rat (D)
  9 orcs (D)
  A bat skeleton (D)
  2 giant cockroaches (D)
  A goblin (D)
  A quokka (D)
  A giant newt (D)
  A quokka skeleton (D)
  2 rats (D)
  4 briar patches (D)
368 creatures vanquished.

Vanquished Creatures (collateral kills)
  An entropy weaver (D)
  An ice dragon (D)
  An orc high priest (D)
  2 orc knights (D)
  A hornet (D)
  2 tarantellas (D)
  A redback (D)
  4 orc warriors (D)
13 creatures vanquished.

Vanquished Creatures (others)
  A naga warrior (D)
  A yaktaur (D)
2 creatures vanquished.

Grand Total: 383 creatures vanquished

Notes
Turn   | Place    | Note
-------+----------+-------------------------------------------
     0 | D        | zero the Hill Orc Berserker began the quest for the Orb.
     0 | D        | Reached XP level 1. HP: 19/19 MP: 1/1
    15 | D        | Reached ** piety under Trog
    29 | D        | Noticed a scorpion
    29 | D        | Noticed an ogre
    29 | D        | Noticed a crimson imp
    35 | D        | Killed a scorpion
    35 | D        | Reached *** piety under Trog
    35 | D        | Reached skill level 5 in Fighting
    35 | D        | Reached skill level 5 in Polearms
    35 | D        | Reached XP level 2. HP: 17/29 MP: 2/2
    35 | D        | Reached XP level 3. HP: 21/36 MP: 3/3
    44 | D        | Killed an ogre
    44 | D        | Reached skill level 5 in Armour
    44 | D        | Reached XP level 4. HP: 11/47 MP: 4/4
    44 | D        | Reached XP level 5. HP: 12/52 MP: 5/5
    76 | D        | Reached **** piety under Trog
   244 | D        | Found a glowing silver altar of Zin.
   244 | D        | Found a glowing golden altar of the Shining One.
   244 | D        | Found an ancient bone altar of Kikubaaqudgha.
   244 | D        | Found a basalt altar of Yredelemnul.
   244 | D        | Found a shimmering altar of Xom.
   244 | D        | Found a radiant altar of Vehumet.
   245 | D        | Found an iron altar of Okawaru.
   246 | D        | Found a burning altar of Makhleb.
   247 | D        | Found a deep blue altar of Sif Muna.
   248 | D        | Found a bloodstained altar of Trog.
   249 | D        | Found a sparkling altar of Nemelex Xobeh.
   250 | D        | Found a white marble altar of Elyvilon.
   251 | D        | Found a roughly hewn altar of Beogh.
   252 | D        | Found a viscous altar of Jiyva.
   253 | D        | Found a corrupted altar of Lugonu.
   254 | D        | Found a blossoming altar of Fedhas.
   255 | D        | Found a snail-covered altar of Cheibriados.
   256 | D        | Found a shadowy altar of Dithmenos.
   257 | D        | Found a stormy altar of Qazlal.
   258 | D        | Found an opulent altar of Gozag.
   259 | D        | Found a sacrificial altar of Ru.
   260 | D        | Found an oddly glowing altar of Pakellas.
   261 | D        | Found a hide-covered altar of Uskayaw.
   262 | D        | Found a hazy altar of Hepliaklqana.
   311 | D        | Noticed a two-headed ogre
   311 | D        | Noticed an ogre
   311 | D        | Noticed a komodo dragon
   318 | D        | Killed a two-headed ogre
   318 | D        | Reached skill level 5 in Dodging
   318 | D        | Reached XP level 6. HP: 63/63 MP: 6/6
   322 | D        | Reached XP level 7. HP: 70/70 MP: 7/7
   329 | D        | Killed a komodo dragon
   329 | D        | Reached ***** piety under Trog
   329 | D        | Reached skill level 10 in Fighting
   424 | D        | Noticed a hungry ghost
   424 | D        | Noticed a wraith
   424 | D        | Noticed a slime creature
   427 | D        | Killed a hungry ghost
   427 | D        | Reached XP level 8. HP: 81/81 MP: 8/8
   430 | D        | Killed a wraith
   430 | D        | Reached skill level 10 in Polearms
   435 | D        | Killed a slime creature
   435 | D        | Reached skill level 10 in Armour
   437 | D        | Received a gift from Trog
   721 | D        | Noticed a griffon
   733 | D        | Killed a griffon
   733 | D        | Reached XP level 9. HP: 59/90 MP: 3/9
   741 | D        | Received a gift from Trog
   982 | D        | Noticed a rime drake
  1031 | D        | Received a gift from Trog
  1035 | D        | Killed a rime drake
  1096 | D        | Noticed a black mamba
  1104 | D        | Killed a black mamba
  1109 | D        | Noticed a komodo dragon
  1118 | D        | Killed a komodo dragon
  1118 | D        | Reached ****** piety under Trog
  1118 | D        | Reached XP level 10. HP: 24/102 MP: 3/10
  1367 | D        | Reached skill level 10 in Dodging
  1371 | D        | Received a gift from Trog
  1538 | D        | Noticed Joseph
  1564 | D        | Killed Joseph
  1758 | D        | Received a gift from Trog
  1774 | D        | Received a gift from Trog
  1838 | D        | Noticed an orc knight
  1854 | D        | Killed an orc knight
  1854 | D        | Received a gift from Trog
  2176 | D        | Noticed an orc sorcerer
  2176 | D        | Noticed an orc sorcerer
  2176 | D        | Noticed an orc knight
  2180 | D        | Killed an orc sorcerer
  2180 | D        | Reached skill level 15 in Fighting
  2182 | D        | Killed an orc sorcerer
  2186 | D        | Noticed an orc knight
  2187 | D        | Killed an orc knight
  2187 | D        | Reached XP level 11. HP: 112/112 MP: 3/11
  2188 | D        | Noticed an orc knight
  2189 | D        | Received a gift from Trog
  2200 | D        | Killed an orc knight
  2211 | D        | HP: 2/113 [orc warrior/glaive (11)]
  2219 | D        | Killed an orc knight
  2219 | D        | Received a gift from Trog
  2396 | D        | Found Deocwekh's Assorted Antiques.
  2396 | D        | Noticed an orc high priest
  2396 | D        | Noticed an orc knight
  2396 | D        | Noticed an orc high priest
  2396 | D        | Noticed an orc knight
  2396 | D        | Noticed an orc knight
  2401 | D        | Noticed a soul eater
  2403 | D        | Noticed a sixfirhy
  2427 | D        | Noticed a sixfirhy
  2457 | D        | Killed an orc high priest
  2464 | D        | Killed an orc knight
  2496 | D        | Noticed a sun demon
  2498 | D        | Noticed a soul eater
  2501 | D        | Killed an orc high priest
  2673 | D        | Killed an orc knight
  2673 | D        | Received a gift from Trog
  2673 | D        | Reached skill level 15 in Polearms
  2968 | D        | Noticed an orc knight
  2971 | D        | Killed an orc knight
  2971 | D        | Reached skill level 15 in Armour
  2984 | D        | Killed an orc knight
  3154 | D        | Noticed an orc knight
  3175 | D        | Killed an orc knight
  3245 | D        | Found Nuopp's Jewellery Shoppe.
  3249 | D        | Found Xiusch's Jewellery Emporium.
  3251 | D        | Noticed an orc knight
  3252 | D        | Found Kusisk's Food Shoppe.
  3253 | D        | Noticed an orc high priest
  3254 | D        | Noticed an orc knight
  3257 | D        | Noticed an orc knight
  3258 | D        | Noticed an orc high priest
  3263 | D        | Killed an orc knight
  3265 | D        | Killed an orc high priest
  3265 | D        | Received a gift from Trog
  3268 | D        | Killed an orc knight
  3279 | D        | Killed an orc knight
  3281 | D        | Killed an orc high priest
  3281 | D        | Reached XP level 12. HP: 77/125 MP: 4/12
  3421 | D        | Noticed an orc high priest
  3438 | D        | Killed an orc high priest
  3453 | D        | Bought an uncursed ring of protection from cold for 350 gold pieces
  3453 | D        | Bought a +4 amulet of reflection for 350 gold pieces
  3453 | D        | Bought an uncursed ring of poison resistance for 280 gold pieces
  3453 | D        | Bought an uncursed ring of resist corrosion for 280 gold pieces
  3455 | D        | Bought the ring "Rawuotz Koeh" {SustAt rC+ MP-9 Str+3} for 491 gold pieces
  3513 | D        | Noticed Erica
  3546 | D        | Killed Erica
  3611 | D        | Noticed Josephine
  3623 | D        | Killed Josephine
  3623 | D        | Received a gift from Trog
  3729 | D        | Got the +2 pair of boots of Protective Custody {rElec Str-3 Int+2 Stlth+}
  3731 | D        | Got the cursed +0 shield of Sesona {rPois Stlth+}
  3860 | D        | Noticed a centaur warrior
  3860 | D        | Noticed a centaur warrior
  3873 | D        | Killed a centaur warrior
  3876 | D        | Killed a centaur warrior
  3882 | D        | Noticed an ice dragon
  3883 | D        | Noticed an ettin
  3885 | D        | Noticed a rakshasa
  3887 | D        | Noticed a fire dragon
  3896 | D        | Killed an ice dragon
  3896 | D        | Received a gift from Trog
  3916 | D        | Killed an ettin
  3954 | D        | Killed a fire dragon
  3977 | D        | Killed a rakshasa
  4094 | D        | Noticed a centaur warrior
  4117 | D        | Killed a centaur warrior
  4298 | D        | Noticed Eustachio
  4327 | D        | Killed Eustachio
  4359 | D        | Noticed an entropy weaver
  4365 | D        | Received a gift from Trog
  4365 | D        | Reached XP level 13. HP: 137/137 MP: 1/13
  4366 | D        | Noticed an entropy weaver
  4378 | D        | Killed an entropy weaver
  4388 | D        | HP: 2/137 [redback (15)]
  4392 | D        | Killed an entropy weaver
  4392 | D        | Received a gift from Trog
  4692 | D        | Noticed a greater naga
  4725 | D        | Killed a greater naga
  4736 | D        | Received a gift from Trog
  4756 | D        | Received a gift from Trog
  5052 | D        | Got a crystal halberd {god gift}
  5053 | D        | Identified the +3 halberd "Votuott" {venom, rF+} (Trog gifted it to you in the Dungeon)
  5727 | D        | Noticed a merfolk impaler
  5732 | D        | Received a gift from Trog
  5753 | D        | Killed a merfolk impaler
  5753 | D        | Received a gift from Trog
  5753 | D        | Reached skill level 15 in Dodging
  5940 | D        | Noticed a thorn hunter
  5940 | D        | Noticed a thorn hunter
  5971 | D        | Received a gift from Trog
  5981 | D        | Killed a thorn hunter
  5987 | D        | Killed a thorn hunter
  5999 | D        | Reached XP level 14. HP: 68/149 MP: 1/14
  6405 | D        | Noticed a stone giant
  6405 | D        | Noticed a fire giant
  6443 | D        | Killed a stone giant
  6443 | D        | Received a gift from Trog
  6464 | D        | Killed a fire giant
  6533 | D        | Noticed a spriggan defender
  6547 | D        | Killed a spriggan defender
  6643 | D        | Received a gift from Trog
  6648 | D        | Got an ichor-stained glaive {god gift}
  6649 | D        | Identified the +1 glaive "Ecowiw" {flame, rC++ Int+3} (Trog gifted it to you in the Dungeon)
  7076 | D        | Noticed a stone giant
  7078 | D        | Noticed a stone giant
  7107 | D        | Killed a stone giant
  7107 | D        | Received a gift from Trog
  7114 | D        | Killed a stone giant
  7471 | D        | Noticed a brown very ugly thing
  7477 | D        | Received a gift from Trog
  7483 | D        | Killed a brown very ugly thing
  7508 | D        | Received a gift from Trog
  7518 | D        | Noticed a stone giant
  7539 | D        | Killed a stone giant
  7540 | D        | Received a gift from Trog
  8046 | D        | Noticed a red very ugly thing
  8047 | D        | Noticed a stone giant
  8048 | D        | Noticed an entropy weaver
  8055 | D        | Killed a red very ugly thing
  8055 | D        | Reached XP level 15. HP: 116/163 MP: 6/15
  8069 | D        | Noticed a sphinx
  8069 | D        | Received a gift from Trog
  8085 | D        | Killed a sphinx
  8435 | D        | Noticed Frances
  8452 | D        | Killed Frances
  8452 | D        | Received a gift from Trog
  8459 | D        | Noticed Nikola
  8472 | D        | Killed Nikola
  8503 | D        | Noticed Frederick
  8517 | D        | Killed Frederick
  8560 | D        | Noticed Boris
  8565 | D        | Noticed Azrael
  8575 | D        | Killed Boris
  8576 | D        | Received a gift from Trog
  8586 | D        | Killed Azrael
  8592 | D        | Received a gift from Trog
  9304 | D        | Bought a scroll of enchant weapon for 165 gold pieces
  9938 | D        | Noticed an emperor scorpion
  9938 | D        | Noticed an emperor scorpion
  9938 | D        | Noticed an emperor scorpion
  9952 | D        | Killed an emperor scorpion
  9959 | D        | Noticed an emperor scorpion
  9960 | D        | Killed an emperor scorpion
  9977 | D        | Killed an emperor scorpion
  9985 | D        | Killed a ghost moth
  9985 | D        | Received a gift from Trog
  9993 | D        | Killed an emperor scorpion
 10191 | D        | Noticed an emperor scorpion
 10193 | D        | Noticed an emperor scorpion
 10207 | D        | Killed an emperor scorpion
 10226 | D        | Killed an emperor scorpion
 10230 | D        | Got a gossamer rune of Zot
 10406 | D        | Received a gift from Trog
 10409 | D        | Reached XP level 16. HP: 150/178 MP: 7/16
 10437 | D        | Received a gift from Trog
 10448 | D        | Got a decaying rune of Zot
 10516 | D        | Noticed a greater naga
 10517 | D        | Noticed a greater naga
 10532 | D        | Killed a greater naga
 10540 | D        | Killed a greater naga
 10540 | D        | Received a gift from Trog
 10558 | D        | Received a gift from Trog
 10572 | D        | Got a fine demon trident {god gift}
 10573 | D        | Identified the +9 demon trident "Gylim" {venom, rPois rN+ Str+4 Int-2} (Trog gifted it to you in the Dungeon)
 10705 | D        | Reached skill level 1 in Shields
 10711 | D        | Got a serpentine rune of Zot
 10727 | D        | Noticed Ilsuiw
 10756 | D        | Received a gift from Trog
 10756 | D        | Reached skill level 5 in Shields
 10769 | D        | Killed Ilsuiw
 10769 | D        | Received a gift from Trog
 10785 | D        | Reached skill level 10 in Shields
 10790 | D        | Received a gift from Trog
 10807 | D        | Received a gift from Trog
 10872 | D        | Got a barnacled rune of Zot
 10912 | D        | Noticed Mennas
 10949 | D        | Killed Mennas
 10949 | D        | Reached skill level 15 in Shields
 11050 | D        | Noticed Xtahua
 11068 | D        | Killed Xtahua
 11214 | D        | Received a gift from Trog
 11259 | D        | Received a gift from Trog
 11274 | D        | Received a gift from Trog
 11340 | D        | Reached XP level 17. HP: 188/188 MP: 8/17
 11342 | D        | Received a gift from Trog
 11396 | D        | Received a gift from Trog
 11419 | D        | Noticed a golden dragon
 11431 | D        | Noticed a lich
 11439 | D        | Received a gift from Trog
 11445 | D        | Killed a golden dragon
 11452 | D        | Killed a lich
 11466 | D        | Received a gift from Trog
 11490 | D        | Received a gift from Trog
 11579 | D        | Got a dazzling trident
 11580 | D        | Identified the +4 trident of the Queen {drain, Fragile +Inv rElec Dex+6} (You found it in the Dungeon)
 11624 | D        | Reached skill level 27 in Fighting
 11633 | D        | Received a gift from Trog
 11657 | D        | Got a flickering bronze amulet
 11667 | D        | Got a silver rune of Zot
 11741 | D        | Noticed Louise
 11762 | D        | Killed Louise
 11762 | D        | Received a gift from Trog
 11787 | D        | Noticed Mara
 11797 | D        | Noticed zero's illusion
 11802 | D        | Killed Mara
 11832 | D        | Got the ring of the Ancients {rElec Int+2 Dex+3}
 11834 | D        | Got the ring "Entavaip" {Ice *Confuse rElec Str+3 Stlth+}
 11836 | D        | Got the ring "Niynewk" {*Confuse +Fly rElec Str+2 Int+3}
 11838 | D        | Got the ring "Ceughymn" {rElec Int+3 SInv Stlth-}
 11851 | D        | Got the ring "Mibyafa" {+Fly rF+ rC+ Int-5 Dex+3}
 11863 | D        | Got the +5 bardiche "Xoogoc" {venom, Str+4 Int+4 Dex-3}
 11942 | D        | Identified the amulet "Suzog" {-Tele +Rage rN++ MR+ MP+9} (You took it off a tengu reaver in the Dungeon)
 11980 | D        | Lost intelligence.
 12098 | D        | Noticed Sojobo
 12106 | D        | Received a gift from Trog
 12119 | D        | Received a gift from Trog
 12139 | D        | Killed Sojobo
 12139 | D        | Reached XP level 18. HP: 151/200 MP: 18/18
 12283 | D        | Received a gift from Trog
 12386 | D        | Noticed a bone dragon
 12410 | D        | Killed a bone dragon
 12412 | D        | Received a gift from Trog
 12424 | D        | Reached skill level 27 in Polearms
 12424 | D        | Reached skill level 27 in Armour
 12452 | D        | Received a gift from Trog
 12468 | D        | Got an ivory demon trident {god gift}
 12524 | D        | Identified the +7 demon trident of Defence by Offence {flame, *Noise rElec Int+2} (Trog gifted it to you in the Dungeon)
 12554 | D        | Noticed a tentacled monstrosity
 12554 | D        | Noticed a tentacled monstrosity
 12554 | D        | Noticed a tentacled monstrosity
 12565 | D        | Killed a tentacled monstrosity
 12576 | D        | Killed a tentacled monstrosity
 12589 | D        | Killed a tentacled monstrosity
 12596 | D        | Received a gift from Trog
 12663 | D        | Noticed a golden dragon
 12663 | D        | Noticed an electric golem
 12663 | D        | Noticed an electric golem
 12677 | D        | Killed a golden dragon
 12677 | D        | Reached skill level 27 in Shields
 12682 | D        | Noticed a tentacled monstrosity
 12692 | D        | Killed an electric golem
 12709 | D        | Received a gift from Trog
 12717 | D        | Killed an electric golem
 12733 | D        | Killed a tentacled monstrosity
 12800 | D        | Received a gift from Trog
 12800 | D        | Reached XP level 19. HP: 196/207 MP: 10/19
 12946 | D        | Noticed a golden dragon
 12954 | D        | Received a gift from Trog
 12976 | D        | Received a gift from Trog
 12981 | D        | Reached skill level 27 in Dodging
 12991 | D        | Reached skill level 1 in Throwing
 12991 | D        | Reached skill level 1 in Stealth
 12991 | D        | Reached skill level 1 in Unarmed Combat
 12991 | D        | Reached skill level 1 in Evocations
 12999 | D        | Killed a golden dragon
 13009 | D        | Reached skill level 5 in Unarmed Combat
 13024 | D        | Reached skill level 5 in Evocations
 13212 | D        | Received a gift from Trog
 13212 | D        | Reached skill level 5 in Throwing
 13212 | D        | Reached skill level 5 in Stealth
 13230 | D        | Received a gift from Trog
 13263 | D        | Reached skill level 10 in Unarmed Combat
 13271 | D        | Received a gift from Trog
 13271 | D        | Reached skill level 10 in Evocations
 13293 | D        | Noticed a golden dragon
 13298 | D        | Killed a golden dragon
 13298 | D        | Reached skill level 10 in Throwing
 13298 | D        | Reached skill level 10 in Stealth
 13335 | D        | Received a gift from Trog
 13354 | D        | Received a gift from Trog
 13428 | D        | Noticed an ancient lich
 13440 | D        | Killed an ancient lich
 13443 | D        | Noticed an orb of fire
 13450 | D        | Gained mutation: You possess an exceptional clarity of mind. [an orb of fire]
 13458 | D        | Killed from afar by an orb of fire

Vault maps used:
D:        linesprint

Skill      XL: |  1  2  3  4  5  6  7  8  9 10 11 12 13 14 15 16 17 18 19 |
---------------+----------------------------------------------------------+-----
Fighting       | 5 7 9 10 12 13 15 17 19 20 23 25 27 | 27.0
Dodging        | 3 4 5 6 7 8 9 11 12 14 15 17 19 21 26 27 | 27.0
Polearms       | 5 6 8 9 11 12 14 15 17 19 21 23 24 26 27 | 27.0
Armour         | 4 5 7 8 9 11 12 14 15 17 19 21 23 24 26 27 | 27.0
Shields        | 21 24 27 | 27.0
Throwing       | 12 | 12.4
Stealth        | 12 | 12.4
Unarmed Combat | 14 | 14.4
Evocations     | 13 | 13.4

Action                   |  1- 3 |  4- 6 |  7- 9 | 10-12 | 13-15 | 16-18 | 19-21 || total
-------------------------+-------+-------+-------+-------+-------+-------+-------++-------
Melee: Spear             |    28 |    18 |       |       |       |       |       ||    46
       Halberd           |       |     8 |    24 |       |       |       |       ||    32
       Bardiche          |       |       |    80 |   321 |   229 |    47 |       ||   677
       Glaive            |       |       |       |       |   293 |    20 |       ||   313
       Demon trident     |       |       |       |       |       |   803 |   242 ||  1045
Invok: Berserk           |     1 |     1 |     3 |     8 |     9 |     4 |       ||    26
       Trog's Hand       |       |     2 |     3 |     8 |    10 |     4 |     1 ||    28
       Brothers in Arms  |       |       |       |     4 |     1 |     1 |       ||     6
 Abil: Evoke Flight      |       |       |       |       |       |     1 |       ||     1
  Use: Potion            |       |       |       |     3 |     5 |     1 |       ||     9
       Scroll            |       |       |       |     2 |     8 |     3 |       ||    13
 Stab: Held in net/web   |       |       |       |       |     1 |       |       ||     1
       Distracted        |       |       |       |       |       |     1 |       ||     1
  Eat: Chunk             |       |       |     6 |     9 |     5 |     4 |     1 ||    25
       Bread ration      |       |       |     1 |       |     2 |     4 |       ||     7
       Fruit             |       |       |       |     2 |     1 |       |       ||     3
       Meat ration       |       |       |       |     3 |     3 |       |       ||     6
Armor: Animal skin       |     2 |     2 |       |       |       |       |       ||     4
       Ring mail         |       |     2 |    33 |    32 |       |       |       ||    67
       Plate armour      |       |       |       |    58 |       |       |       ||    58
       Storm dragon armo |       |       |       |    36 |   140 |   136 |    14 ||   326
       Ice dragon armour |       |       |       |     9 |   104 |       |       ||   113
Dodge: Dodged            |     7 |    10 |    87 |   220 |   321 |   206 |    37 ||   888
Block: Other             |       |       |       |    24 |    66 |       |       ||    90
       Reflection        |       |       |       |     4 |     9 |     2 |     1 ||    16
       Large shield      |       |       |       |       |       |   450 |   137 ||   587
